 Dungeon Crawl Stone Soup version 0.17-a0-2093-gc772f4b (webtiles) character file.

253 radek the Conjurer (level 5, 0/28 HPs)
             Began as a Deep Elf Conjurer on Oct 16, 2015.
             Slain by a sky beast (5 damage)
             ... on level 4 of the Dungeon.
             The game lasted 00:13:00 (3161 turns).

radek the Conjurer (Deep Elf Conjurer)              Turns: 3161, Time: 00:13:00

Health: 0/28       AC:  3    Str:  6    XL:     5   Next: 90%
Magic:  10/11      EV: 13    Int: 18    God:
Gold:   149        SH:  0    Dex: 15    Spells: 2 memorised, 4 levels left

rFire  . . .     SeeInvis .     h - -2 dagger (curse)
rCold  . . .     Clarity  .     a - +1 robe
rNeg   . . .     SustAt   .     (no shield)
rPois  .         Gourm    .     (no helmet)
rElec  .         Spirit   .     (no cloak)
rCorr  +         Warding  .     (no gloves)
rMut   .         Stasis   .     (no boots)
MR     .....                    x - amulet of resist corrosion
Stlth  ++........               (no ring)
                                f - -2 ring of intelligence (curse)

@: not resistant to hostile enchantments, unstealthy
A: spit poison 1
a: Spit Poison


You were on level 4 of the Dungeon.
You were not hungry.

You visited 1 branch of the dungeon, and saw 4 of its levels.

You collected 149 gold pieces.

Inventory:

Hand Weapons
 h - a cursed -2 dagger (weapon)
 p - a +3 vampiric spear
Missiles
 e - 3 javelins (quivered)
Armour
 a - a +1 robe (worn)
Magical Staves
 w - an uncursed staff of poison {unknown}
Jewellery
 f - a cursed -2 ring of intelligence (left hand)
 x - an amulet of resist corrosion (around neck)
Scrolls
 s - a scroll of enchant weapon
 t - 2 scrolls of random uselessness
 u - a scroll of identify
Potions
 d - a potion of degeneration
 j - a potion of curing
 m - a potion of might {unknown}
 n - a potion of cancellation {unknown}
 q - a potion of brilliance {unknown}
 r - a potion of heal wounds {unknown}
Books
 b - a book of Conjurations

   Spells                             Type                      Level
   a - Magic Dart                     Conjuration                  1
   b - Searing Ray                    Conjuration                  2
   c - Dazzling Spray                 Conjuration/Hexes            3
   d - Fulminant Prism                Conjuration/Hexes            4
   e - Iskenderun's Mystic Blast      Conjuration                  4
   f - Iskenderun's Battlesphere      Conjuration/Charms           5
 i - a book of Debilitation

   Spells                             Type                      Level
   a - Corona                         Hexes                        1
   b - Slow                           Hexes                        2
   c - Gell's Gravitas                Hexes/Translocation          3
   d - Inner Flame                    Hexes/Fire                   3
   e - Cause Fear                     Hexes                        4
   f - Leda's Liquefaction            Hexes/Earth                  4
Comestibles
 c - 4 bread rations
 k - 4 meat rations
 l - 4 fruits
 o - a beef jerky
 v - 2 chunks of flesh


   Skills:
 - Level 2.4 Dodging
 - Level 2.4 Stealth
 - Level 3.0 Spellcasting
 - Level 6.9 Conjurations
 * Level 4.6 Charms


You had 4 spell levels left.
You knew the following spells:

 Your Spells              Type           Power        Failure   Level  Hunger
a - Magic Dart            Conj           ####         1%          1    None
b - Iskenderun's Battles  Conj/Chrm      ###.....     41%         5    ######.


Dungeon Overview and Level Annotations

Branches:
Dungeon (4/15)
 Temple: D:4-7

Altars:
Dithmenos
Kikubaaqudgha
Okawaru
Xom

Annotations:
D:3 Natasha


Innate Abilities, Weirdness & Mutations

You can spit weak poison.


Message History

Confirm with . or Enter, or press ? or * to list all spells.
Aiming: Magic Dart
Press: ? - help, Shift-Dir - straight line, f - giant cockroach
Aim: a giant cockroach (clinging)
The magic dart hits the giant cockroach.
You kill the giant cockroach!
Something hits you.
* * * LOW HITPOINT WARNING * * *
Something shocks you.
* * * LOW HITPOINT WARNING * * *
A bat comes into view.
Drink which item? (? for menu, Esc to quit)
It was a potion of beneficial mutation.
There is a nasty taste in your mouth for a moment.
You feel fantastic! Something hits you but does no damage.
Drink which item? (? for menu, Esc to quit)
It was a potion of curing.
You feel better. Something hits you.
* * * LOW HITPOINT WARNING * * *
Something shocks you.
You die...

### #<# #### ## #.# ...
.# #.# .. #.# #.#
#.###.####.#
##.......##.#
...##........##.########
...[...@.....##........#
.....##{.....####......#
_.. ##.....####......# .
.##.....>'.........#
.......)..#...####+##
##........##..#
##...........#
#.###.#.....## #.# ...
#.#......# #.#


There were no monsters in sight!

Vanquished Creatures
  An ogre (D:4)
  The ghost of Voda the Sneak, a weakling FeCK of Xom (D:3)
  A hound (D:4)
  4 adders
  An ooze (D:2)
  A giant gecko (D:2)
  An orc (D:3)
  8 bats
  5 giant cockroaches
  13 hobgoblins
  4 jackals
  5 kobolds
  A ball python (D:4)
  7 giant newts
  12 goblins
  4 rats
69 creatures vanquished.

Notes
Turn   | Place    | Note
--------------------------------------------------------------
     0 | D:1      | radek the Deep Elf Conjurer began the quest for the Orb.
     0 | D:1      | Reached XP level 1. HP: 10/10 MP: 6/6
   221 | D:1      | Reached XP level 2. HP: 13/15 MP: 5/8
   222 | D:1      | Reached skill level 5 in Conjurations
   929 | D:2      | Reached XP level 3. HP: 19/19 MP: 5/9
  1435 | D:2      | Found a shimmering altar of Xom.
  1477 | D:2      | Found an iron altar of Okawaru.
  1582 | D:2      | Found an ancient bone altar of Kikubaaqudgha.
  1630 | D:2      | Reached skill level 6 in Conjurations
  1676 | D:2      | Reached XP level 4. HP: 24/24 MP: 6/10
  2087 | D:3      | Noticed Voda's ghost (weakling FeCK)
  2097 | D:3      | Killed Voda's ghost
  2737 | D:3      | Noticed Natasha
  2857 | D:4      | Reached XP level 5. HP: 28/28 MP: 7/11
  2864 | D:4      | Learned a level 5 spell: Iskenderun's Battlesphere
  3023 | D:4      | Noticed an ogre
  3032 | D:4      | Killed an ogre
  3087 | D:4      | Noticed a sky beast
  3158 | D:4      | Found a shadowy altar of Dithmenos.
  3159 | D:4      | HP: 1/28 [something (5)]
  3160 | D:4      | Gained mutation: You can spit weak poison. [potion of beneficial mutation]
  3161 | D:4      | Slain by a sky beast

Vault maps used:
D:1:      dpeg_arrival_houses_and_road, minmay_crystal_water
D:2:      grunt_temple_overflow_open, first_bread, kennysheep_generic_room_11
D:3:      kennysheep_the_goblin_king, uniq_natasha
D:4:      old_standard_altar, portal_sewer_entry_d, minmay_door_square,
          nicolae_dithmenos_shadow_blocks, uniq_grinder

Action                   |  1- 3 |  4- 6 || total
-------------------------+-------+-------++-------
 Cast: Magic Dart        |    70 |    69 ||   139
  Use: Scroll            |     6 |     2 ||     8
       Potion            |       |     2 ||     2
  Eat: Chunk             |     2 |     3 ||     5
       Beef jerky        |       |     1 ||     1
